 Dungeon Crawl Stone Soup version 0.23.2-1-ga50397a (webtiles) character file.

Game seed: 5846868604395536642

56 Fang the Skirmisher (level 3, -3/36 HPs)
             Began as a Gargoyle Berserker on Apr 25, 2019.
             Was a Believer of Trog.
             Slain by a gnoll
             ... wielding a +0 spear
              (11 damage)
             ... on level 2 of the Dungeon.
             The game lasted 00:00:51 (983 turns).

Fang the Skirmisher (Gargoyle Berserker)             Turns: 983, Time: 00:00:52

Health: -3/36      AC:  5    Str: 26    XL:     3   Next: 97%
Magic:  3/3        EV: 12    Int:  7    God:    Trog [**....]
Gold:   61         SH:  0    Dex:  9    Spells: 2/2 levels left

rFire    . . .     SeeInvis .   a - +0 hand axe
rCold    . . .     Gourm    .   (no shield)
rNeg     + . .     Faith    .   b - +0 animal skin
rPois    ∞         Spirit   .   (no helmet)
rElec    +         Reflect  .   (no cloak)
rCorr    .         Harm     .   (no gloves)
MR       .....                  (no boots)
Stlth    ..........             (no amulet)
HPRegen  0.12/turn              (no ring)
MPRegen  0.08/turn              (no ring)

@: berserking (expiring), very quick
A: negative energy resistance 1, electricity resistance, unbreathing,
petrification resistance, rot immunity, AC +3
a: Berserk, Trog's Hand, Renounce Religion


You were on level 2 of the Dungeon.
You worshipped Trog.
Trog was pleased with you.
You were near starving.

You visited 1 branch of the dungeon, and saw 2 of its levels.

You collected 61 gold pieces.

Inventory:

Hand Weapons
 a - a +0 hand axe (weapon)
Armour
 b - a +0 animal skin (worn)
Jewellery
 h - an uncursed ring of protection from cold {unknown}
Scrolls
 d - a scroll of magic mapping {unknown}
 e - 3 scrolls of identify {unknown}
 i - a scroll of teleportation {unknown}
 j - a scroll of immolation {unknown}
Potions
 g - a potion of curing {unknown}
Comestibles
 c - 4 rations
 f - a chunk of flesh


   Skills:
 + Level 3.8 Fighting
 + Level 3.1 Axes
 + Level 3.0 Armour
 + Level 2.1 Dodging


You had 2 spell levels left.
You didn't know any spells.
Your spell library was empty.

Dungeon Overview and Level Annotations

Branches:
Dungeon (2/15)

Altars:


Innate Abilities, Weirdness & Mutations

You are resistant to torment.
Your stone body is resilient. (AC +3)
You are immune to poison.
You resist negative energy. (rN+)
You are resistant to electric shocks. (rElec)
You can survive without breathing.
You are immune to petrification.
You are immune to rotting.


Message History

The gnoll hits you with a +0 spear. The gnoll barely misses you.
You barely miss the gnoll.
The gnoll is severely wounded.
The gnoll closely misses you.
You slash the gnoll!
You kill the gnoll!
Trog accepts your kill.
Your Armour skill increases to level 3!
The gnoll hits you from afar with a +0 spear.
* * * LOW HITPOINT WARNING * * *
The gnoll barely misses you.
Items here: ) ? [ † a +0 spear; a +0 ring mail; a scroll labeled HEMNIL MIPNOU; a gnoll corpse You are near starving!
You hit the gnoll.
The gnoll is moderately wounded.
You closely miss the gnoll.
The gnoll is moderately wounded.
The gnoll hits you with a +0 spear!
You die...

###.# #...#
#.########...# #...#
#.......##.###### #...#
#######..........# #####
#######.......######..
#.......#######
..#######
########################
<.......>.......@g......
########################


You could see a gnoll.

Vanquished Creatures
  A gnoll (D:2)
  An ooze (D:1)
  2 dart slugs (D:1)
  A leopard gecko (D:1)
  6 bats
  3 giant cockroaches
  5 goblins (D:1)
  5 hobgoblins (D:1)
  2 kobolds (D:1)
  A ball python (D:1)
  4 frilled lizards (D:1)
  4 rats
35 creatures vanquished.

Notes
Turn   | Place    | Note
-------+----------+-------------------------------------------
     0 | D:1      | Fang the Gargoyle Berserker began the quest for the Orb.
     0 | D:1      | Reached XP level 1. HP: 14/14 MP: 1/1
   153 | D:1      | Reached XP level 2. HP: 16/19 MP: 2/2
   254 | D:1      | Reached XP level 3. HP: 21/23 MP: 3/3
   508 | D:1      | Reached ** piety under Trog
   823 | D:2      | Found a faded altar of an unknown god.
   983 | D:2      | Slain by a gnoll

Skill      XL: |  1  2  3 |
---------------+----------+-----
Axes           | 3 |  3.1
Dodging        | 2 |  2.1
Armour         | 3 |  3.0
Fighting       | |  3.8

Action                   || total
-------------------------++-------
Melee: Hand axe          ||   111
Invok: Berserk           ||     1
Armor: Animal skin       ||    41
Dodge: Dodged            ||    77
